 Dungeon Crawl Stone Soup version 0.26.0-11-g8f856b5395 (webtiles) character file.

Game seed: 5557944587629686842

77 pkoi the Chopper (level 4, -2/37 HPs)
             Began as a Minotaur Gladiator on Jan 14, 2021.
             Slain by an orc wizard
             ... wielding a +0 dagger
              (4 damage)
             ... on level 3 of the Dungeon.
             The game lasted 00:02:10 (1828 turns).

pkoi the Chopper (Minotaur Gladiator)               Turns: 1828, Time: 00:02:11

Health: -2/37      AC:  3    Str: 20    XL:     4   Next: 13%
Magic:  3/3        EV: 12    Int:  5    God:
Gold:   48         SH:  5    Dex: 11    Spells: 3/3 levels left

rFire    . . .     SeeInvis .   a - +0 war axe
rCold    . . .     Faith    .   (no shield)
rNeg     . . .     Spirit   .   b - +0 leather armour
rPois    .         Reflect  +   c - +0 hat
rElec    .         Harm     .   (no cloak)
rCorr    .         Rampage  .   (no gloves)
Will     .....                  (no boots)
Stlth    +.........             h - amulet of reflection
HPRegen  0.12/turn              q - ring of wizardry
MPRegen  0.08/turn              (no ring)

@: no status effects
A: retaliatory headbutt, horns 2
a: no special abilities


You were on level 3 of the Dungeon.
You visited 1 branch of the dungeon, and saw 3 of its levels.

You collected 48 gold pieces.

Inventory:

Hand Weapons
 a - a +0 war axe (weapon)
Missiles
 d - 3 throwing nets (quivered)
 f - 6 curare-tipped darts
 n - 2 silver javelins
Armour
 b - a +0 leather armour (worn)
 c - a +0 hat (worn)
Jewellery
 h - an amulet of reflection (around neck)
 q - a ring of wizardry (left hand)
Scrolls
 e - 5 scrolls of teleportation {unknown}
 g - 2 scrolls of fog {unknown}
 i - 2 scrolls of identify {unknown}
 k - a scroll of enchant weapon {unknown}
 l - a scroll of immolation {unknown}
 p - a scroll of remove curse {unknown}
 r - a scroll of magic mapping {unknown}
 s - a scroll of amnesia {unknown}
Potions
 j - a potion of resistance {unknown}
 m - a potion of haste {unknown}
 o - a potion of magic {unknown}


   Skills:
 - Level 2.4 Fighting
 + Level 6.1 Axes
 - Level 2.0 Throwing
 - Level 3.2 Dodging


You had 3 spell levels left.
You didn't know any spells.
Your spell library was empty.

Dungeon Overview and Level Annotations

Branches:
Dungeon (3/15)

Altars:

Annotations:
D:2 Sigmund
D:3 Terence


Innate Abilities, Weirdness & Mutations

You reflexively headbutt those who attack you in melee.
You have a pair of horns on your head.


Message History

Deactivating autopickup; reactivate with Ctrl-A.
You completely miss something. You headbutt something!
You hit Terence but do no damage. Terence completely misses you.
Something hits you but does no damage.
You miss something. Your headbutt misses something. You closely miss Terence.
You hear some strange, mumbled words.
A puff of flame appears from out of thin air!
The puff of flame hits you!
* * * LOW HITPOINT WARNING * * *
Terence hits you with a +0 hand axe.
* * * LOW HITPOINT WARNING * * *
You hit something but do no damage. Your headbutt misses something.
You closely miss Terence. Something hits you.
* * * LOW HITPOINT WARNING * * *
Terence hits you with a +0 hand axe.
* * * LOW HITPOINT WARNING * * *
Something hits you but does no damage.
You barely miss something. You barely miss Terence. Terence barely misses you.
Something hits you.
You die...

###### #...
... ........
#######..#.##.
#...{@#....#.
##..@###.#..
#...'...#.#
#...##{.#.#
#...#)....#
##........#
#....)...#
######)### .>.


You could see Terence.

Vanquished Creatures
  Robin (D:2)
  A worm (D:1)
  2 dart slugs
  2 leopard geckos (D:1)
  2 orcs (D:3)
  A giant cockroach (D:2)
  13 hobgoblins
  2 quokkas (D:2)
  6 bats
  A frilled lizard (D:1)
  11 goblins
  6 kobolds
  2 rats (D:1)
50 creatures vanquished.

Notes
Turn   | Place    | Note
-------+----------+-------------------------------------------
     0 | D:1      | pkoi the Minotaur Gladiator began the quest for the Orb.
     0 | D:1      | Reached XP level 1. HP: 18/18 MP: 0/0
   142 | D:1      | Reached skill level 4 in Axes
   159 | D:1      | Reached XP level 2. HP: 16/25 MP: 1/1
   881 | D:2      | Reached skill level 5 in Axes
   949 | D:2      | Reached XP level 3. HP: 28/30 MP: 2/2
  1279 | D:2      | Noticed Robin
  1303 | D:2      | Killed Robin
  1471 | D:2      | Noticed Sigmund
  1475 | D:2      | Reached skill level 6 in Axes
  1475 | D:2      | Reached XP level 4. HP: 37/37 MP: 3/3
  1802 | D:3      | Noticed Terence
  1827 | D:3      | HP: 1/37 [Terence/+0 hand axe (2)]
  1828 | D:3      | Slain by an orc wizard

Illustrated notes

Levels and vault maps discovered:
D:1:      dpeg_arrival_brainrot, layout_rooms, chequers_serial_rivers_small_a,
          chequers_serial_rivers_large_a, moated_statue, hangedman_decor_points,
          minmay_tromino_v2
D:2:      layout_basic, uniq_sigmund, uniq_robin
D:3:      layout_basic, serial_corexii_hall, corexii_hall_statues_deadend,
          chequers_hall_statues_corner_a, corexii_hall_statues_x,
          chequers_hall_statues_y, lemuel_statue_altar, uniq_terence

Skill      XL: |  1  2  3 |
---------------+----------+-----
Axes           | 4 5 6 |  6.1
Fighting       | |  2.4
Throwing       | |  2.0
Dodging        | |  3.2

Action                   |  1- 3 |  4- 6 || total
-------------------------+-------+-------++-------
Melee: War axe           |    91 |    17 ||   108
       Headbutt          |    14 |     3 ||    17
Armor: Leather armour    |    29 |     3 ||    32
Dodge: Dodged            |    68 |    11 ||    79
Block: Other             |    20 |     1 ||    21
       Reflection        |     1 |       ||     1
